 Dungeon Crawl Stone Soup version 0.24.0-123-gd5b16e6ec5 (webtiles) character file.

Game seed: 15116937150386085288, levelgen mode: deterministic

32 vurker the Gusty (level 3, 0/27 HPs)
             Began as a Draconian Air Elementalist on Feb 1, 2020.
             Slain by an orc
             ... wielding a +0 trident
              (6 damage)
             ... on level 4 of the Dungeon.
             The game lasted 00:02:01 (1393 turns).

vurker the Gusty (Draconian Air Elementalist)       Turns: 1393, Time: 00:02:02

Health: 0/27       AC:  7    Str: 10    XL:     3   Next: 10%
Magic:  0/6        EV: 14    Int: 16    God:
Gold:   79         SH:  0    Dex: 11    Spells: 5/6 levels left

rFire    . . .     SeeInvis .   (no weapon)
rCold    . . .     Gourm    .   (no shield)
rNeg     . . .     Faith    .   (armour unavailable)
rPois    .         Spirit   .   (helmet restricted)
rElec    .         Reflect  .   (no cloak)
rCorr    .         Harm     .   d - +1 pair of gloves
MR       .....     Rnd*Tele +   (no boots)
Stlth    ++........             (no amulet)
HPRegen  0.09/turn              k - ring of teleportation (curse)
MPRegen  0.10/turn              h - +2 ring of evasion

@: no status effects
A: unfitting armour, cold-blooded, AC +5
a: no special abilities


You were on level 4 of the Dungeon.
You were not hungry.

You visited 1 branch of the dungeon, and saw 3 of its levels.

You collected 79 gold pieces.

Inventory:

Armour
 d - a +1 pair of gloves (worn)
   (You found it on level 1 of the Dungeon)
Jewellery
 h - a +2 ring of evasion (right hand)
   (You found it on level 2 of the Dungeon)
 k - a cursed ring of teleportation (left hand)
   (You found it on level 1 of the Dungeon)
Scrolls
 c - a scroll of blinking
 g - 3 scrolls of teleportation
Potions
 a - a potion of ambrosia {unknown}
 f - a potion of invisibility
 i - a potion of agility {unknown}
Comestibles
 b - 2 chunks of flesh
 e - 4 rations


   Skills:
 + Level 0.8 Fighting
 - Level 1.7 Dodging
 - Level 1.7 Stealth
 * Level 2.4 Spellcasting
 * Level 1.8 Conjurations
 * Level 3.3 Air Magic


You had 5 spell levels left.
You knew the following spells:

 Your Spells              Type           Power        Failure   Level  Hunger
a - Shock                 Conj/Air       ##..         7%          1    #......

Your spell library contained the following spells:

 Spells                   Type           Power        Failure   Level  Hunger
 Swiftness                Chrm/Air       #.......     16%         2    ###....
 Static Discharge         Conj/Air       ##......     21%         3    ###....
 Airstrike                Air            ##........   43%         4    #####..
 Lightning Bolt           Conj/Air       ##........   88%         5    ######.


Dungeon Overview and Level Annotations

Branches:
Dungeon (2/15)

Altars:


Innate Abilities, Weirdness & Mutations

Your plain brown scales are hard. (AC +5)
You cannot fit into any form of body armour.
You are cold-blooded and may be slowed by cold attacks.


Message History

You hit the orc but do no damage. The orc hits you but does no damage.
You hit the orc but do no damage. The orc misses you.
You closely miss the orc. The orc hits you with a +0 hand axe!
You barely miss the orc.
Your tail-slap misses the orc.
The orc closely misses you.
You hit the orc. The orc misses you.
You hit the orc but do no damage. The orc misses you.
You don't have enough magic to cast that spell.
You hit the orc. The orc hits you but does no damage.
You hit the orc but do no damage. You hit the orc but do no damage.
The orc hits you with a +0 hand axe!
* * * LOW HITPOINT WARNING * * *
Aim: an orc, wielding a +0 falchion (severely wounded)
The zap hits the orc.
You kill the orc!
You have reached level 3!
Your experience leads to an increase in your attributes!
Increase (S)trength, (I)ntelligence, or (D)exterity?
You feel clever.
Your scales feel tougher.
The zap hits the orc.
You kill the orc!
You hit the orc. The orc hits you with a +0 club.
* * * LOW HITPOINT WARNING * * *
The orc closely misses you.
You barely miss the orc. The orc misses you. The orc barely misses you.
You closely miss the orc. The orc misses you. x2
You don't have enough magic to cast that spell.
You hit the orc but do no damage. The orc hits you but does no damage.
A scorpion comes into view.
The orc misses you.
You closely miss the orc. The orc barely misses you.
You barely miss the orc. The orc barely misses you.
The orc hits you but does no damage.
You closely miss the orc. The orc hits you but does no damage.
The orc closely misses you.
You hit the orc. The orc closely misses you. The orc barely misses you.
You barely miss the orc. The orc misses you.
The orc hits you but does no damage.
Aim: an orc, wielding a +0 club (heavily wounded)
The zap hits the orc.
You kill the orc!
The orc closely misses you. The orc barely misses you.
Items here: )) [ † a +0 club; a +0 hand axe; a +3 leather armour; an orc corpse You hit the orc.
The orc closely misses you.
You barely miss the orc. The orc misses you.
You hit the orc. The orc barely misses you.
You barely miss the orc. The orc hits you with a +0 trident.
You die...

## #(. ..#
#.# #
#.#####..##.
##
#..........
#.#
##.###..##.
#.# ##@## #
#.###)o#
#.#.#.#
#..##.####.
#...[......
#.######o#.
#. #. #.


You could see an orc.

Vanquished Creatures
  A dart slug (D:1)
  A leopard gecko (D:2)
  4 orcs (D:4)
  4 bats (D:1)
  2 giant cockroaches (D:1)
  A goblin (D:2)
  2 hobgoblins (D:1)
  A kobold (D:1)
  11 rats
27 creatures vanquished.

Notes
Turn   | Place    | Note
-------+----------+-------------------------------------------
     0 | D:1      | vurker the Draconian Air Elementalist began the quest for
                  | the Orb.
     0 | D:1      | Reached XP level 1. HP: 14/14 MP: 3/3
   486 | D:1      | Reached XP level 2. HP: 20/20 MP: 3/5
  1347 | D:2      | You fall into a shaft and drop 2 floors!
  1378 | D:4      | Reached XP level 3. HP: 7/27 MP: 0/6
  1382 | D:4      | Noticed a scorpion
  1393 | D:4      | Slain by an orc

Levels and vault maps discovered:
D:1:      lemuel_arrival_room, layout_loops_ring, minmay_rat_gold_closets
D:2:      layout_rooms, uniq_crazy_yiuf_cottage
D:4:      layout_loops_ring, first_ration, minmay_misc_feat_iff

Action                   || total
-------------------------++-------
Melee: Unarmed           ||    40
       Tailslap          ||     5
 Cast: Shock             ||    47
  Use: Scroll            ||     6
  Eat: Chunk             ||     2
Armor: Skin              ||     7
Dodge: Dodged            ||    39
